BSA
FRESNO DEPLORABLES @ IRVINE GANG GREEN
09/27/2027
 
TOP OF THE 1ST
Fresno Deplorables batting - Pitching for Irvine Gang Green : LHP Masutaro Koyama
Pitching: LHP Masutaro Koyama
Batting: RHB Dani Vázquez 0-0: Ball
1-0: Ball
2-0: Ball
3-0: Called Strike
3-1: Called Strike
3-2: SINGLE (Line Drive, 34D)
Batting: RHB Aaron Scott 0-0: Called Strike
0-1: Grounds into double play, 1-6-3 (Groundball, P)
Batting: RHB Manolo Román 0-0: Ground out 5-3 (Groundball, 56S)
Top of the 1st over - 0 run(s), 1 hit(s), 0 error(s), 0 left on base; Fresno 0 - Irvine 0
BOTTOM OF THE 1ST
Irvine Gang Green batting - Pitching for Fresno Deplorables : LHP Allan Bader
Pitching: LHP Allan Bader
Batting: LHB Jesús Campos 0-0: Ball
1-0: Ball
2-0: Foul Ball, location: 2F
2-1: Fly out, F7 (Line Drive, 7)
Batting: RHB Tyler Wagner 0-0: Ball
1-0: Foul Ball, location: 2F
1-1: Foul Ball, location: 2F
1-2: Ball
2-2: Ball
3-2: Ground out 1-3 (Groundball, 13S)
Batting: LHB Jorge Martínez 0-0: Foul Ball, location: 2F
0-1: Foul Ball, location: 2F
0-2: Hit by Pitch
Batting: LHB Víctor Quiñones 0-0: Ground out U3 (Groundball, 3)
Bottom of the 1st over - 0 run(s), 0 hit(s), 0 error(s), 1 left on base; Fresno 0 - Irvine 0
TOP OF THE 2ND
Fresno Deplorables batting - Pitching for Irvine Gang Green : LHP Masutaro Koyama
Batting: LHB Troy Donaldson 0-0: Ball
1-0: Ball
2-0: Called Strike
2-1: Ground out 4-3 (Groundball, 4)
Batting: RHB Paco Arellano 0-0: Ball
1-0: Ball
2-0: Called Strike
2-1: Ball
3-1: Ground out 1-3 (Groundball, 13S)
Batting: LHB Paul Mullins 0-0: Swinging Strike
0-1: Ball
1-1: Ball
2-1: Ball
3-1: Foul Ball, location: 2F
3-2: Strikes out swinging
Top of the 2nd over - 0 run(s), 0 hit(s), 0 error(s), 0 left on base; Fresno 0 - Irvine 0
BOTTOM OF THE 2ND
Irvine Gang Green batting - Pitching for Fresno Deplorables : LHP Allan Bader
Batting: RHB Eichiro Yamamoto 0-0: Foul Ball, location: 2F
0-1: Ground out 1-3 (Groundball, 15S)
Batting: LHB Leonardo Medina 0-0: Swinging Strike
0-1: Ball
1-1: Swinging Strike
1-2: Fly out, F9 (Flyball, 9S)
Batting: RHB José Salazar 0-0: Called Strike
0-1: Ball
1-1: Fly out, F9 (Flyball, 9LS)
Bottom of the 2nd over - 0 run(s), 0 hit(s), 0 error(s), 0 left on base; Fresno 0 - Irvine 0
TOP OF THE 3RD
Fresno Deplorables batting - Pitching for Irvine Gang Green : LHP Masutaro Koyama
Batting: LHB Keith Beard 0-0: Ball
1-0: Bunt missed!
1-1: Fly out, F7 (Flyball, 78M)
Batting: RHB Germán Rosales 0-0: Swinging Strike
0-1: Called Strike
0-2: Ball
1-2: Ball
2-2: Foul Ball, location: 2F
2-2: Fly out, F9 (Flyball, 89M)
Batting: RHB Lorenzo Morín 0-0: Ball
1-0: Ball
2-0: Called Strike
2-1: Swinging Strike
2-2: Fly out, F9 (Line Drive, 9LD)
Top of the 3rd over - 0 run(s), 0 hit(s), 0 error(s), 0 left on base; Fresno 0 - Irvine 0
BOTTOM OF THE 3RD
Irvine Gang Green batting - Pitching for Fresno Deplorables : LHP Allan Bader
Batting: RHB Raúl Salas 0-0: Fly out, F6 (Popup, 6MD)
Batting: RHB Ronnie Brown 0-0: Foul Ball, location: 2F
0-1: SINGLE (Line Drive, 9S)
Batting: LHB Jesús Campos 0-0: Ball
1-0: Ground out 6-3 (Groundball, 6MS)
Ronnie Brown to second
Batting: RHB Tyler Wagner 0-0: Called Strike
0-1: Ball
1-1: Swinging Strike
1-2: Strikes out looking
Bottom of the 3rd over - 0 run(s), 1 hit(s), 0 error(s), 1 left on base; Fresno 0 - Irvine 0
TOP OF THE 4TH
Fresno Deplorables batting - Pitching for Irvine Gang Green : LHP Masutaro Koyama
Batting: RHB Dani Vázquez 0-0: Ball
1-0: Ball
2-0: Ball
3-0: Base on Balls
Batting: RHB Aaron Scott 0-0: Ball
1-0: Ball
2-0: Ground out U3 (Groundball, 3)
Dani Vázquez to second
Batting: RHB Manolo Román 0-0: 2-RUN HOME RUN (Flyball, 7D), Distance : 427 ft
Batting: LHB Troy Donaldson 0-0: Ball
1-0: Foul Ball, location: 2F
1-1: Ball
2-1: Ball
3-1: Foul Ball, location: 2F
3-2: Strikes out swinging
Batting: RHB Paco Arellano 0-0: Ball
1-0: Swinging Strike
1-1: Fly out, F1 (Line Drive, 13)
Top of the 4th over - 2 run(s), 1 hit(s), 0 error(s), 0 left on base; Fresno 2 - Irvine 0
BOTTOM OF THE 4TH
Irvine Gang Green batting - Pitching for Fresno Deplorables : LHP Allan Bader
Batting: LHB Jorge Martínez 0-0: Ball
1-0: Called Strike
1-1: Swinging Strike
1-2: Ball
2-2: Ball
3-2: Fly out, F8 (Flyball, 8RS)
Batting: LHB Víctor Quiñones 0-0: Called Strike
0-1: Ball
1-1: Ball
2-1: Ball
3-1: Base on Balls
Batting: RHB Eichiro Yamamoto 0-0: Foul Ball, location: 2F
0-1: Ball
1-1: Foul Ball, location: 2F
1-2: Ball
2-2: Fielders Choice at 2nd, 4-6 (Groundball, 4)
Batting: LHB Leonardo Medina 0-0: Called Strike
0-1: Ball
1-1: Called Strike
1-2: Fielders Choice at 2nd, 4-6 (Groundball, 4)
Bottom of the 4th over - 0 run(s), 0 hit(s), 0 error(s), 0 left on base; Fresno 2 - Irvine 0
TOP OF THE 5TH
Fresno Deplorables batting - Pitching for Irvine Gang Green : LHP Masutaro Koyama
Batting: LHB Paul Mullins 0-0: Ball
1-0: Ball
2-0: Ball
3-0: Base on Balls
Batting: LHB Keith Beard 0-0: Foul Ball, location: 2F
0-1: Foul Ball, location: 2F
0-2: Ball
1-2: Foul Ball, location: 2F
1-2: Ball
2-2: Ball
3-2: Grounds into double play, 6-4-3 (Groundball, 6M)
Batting: RHB Germán Rosales 0-0: Called Strike
0-1: Called Strike
0-2: Strikes out swinging
Top of the 5th over - 0 run(s), 0 hit(s), 0 error(s), 0 left on base; Fresno 2 - Irvine 0
BOTTOM OF THE 5TH
Irvine Gang Green batting - Pitching for Fresno Deplorables : LHP Allan Bader
Batting: RHB José Salazar 0-0: Ball
1-0: Called Strike
1-1: Ball
2-1: Ball
3-1: Foul Ball, location: 2F
3-2: Base on Balls
Batting: RHB Raúl Salas 0-0: Ball
1-0: Grounds into double play, 1-6-3 (Groundball, 13)
Batting: RHB Ronnie Brown 0-0: TRIPLE (Flyball, 89D)
Batting: LHB Jesús Campos 0-0: Ball
1-0: Swinging Strike
1-1: Foul Ball, location: 2F
1-2: Ball
2-2: Ground out 1-3 (Groundball, 13)
Bottom of the 5th over - 0 run(s), 1 hit(s), 0 error(s), 1 left on base; Fresno 2 - Irvine 0
TOP OF THE 6TH
Fresno Deplorables batting - Pitching for Irvine Gang Green : LHP Masutaro Koyama
Batting: RHB Lorenzo Morín 0-0: Ball
1-0: Ball
2-0: Foul Ball, location: 2F
2-1: Foul Ball, location: 2F
2-2: Ball
3-2: Fly out, F8 (Flyball, 89M)
Batting: RHB Dani Vázquez 0-0: Ball
1-0: Called Strike
1-1: Called Strike
1-2: Ground out 4-3 (Groundball, 4)
Batting: RHB Aaron Scott 0-0: Foul Ball, location: 2F
0-1: Ball
1-1: SINGLE (Groundball, 6MD)
Batting: RHB Manolo Román 0-0: Ball
1-0: Ball
2-0: Called Strike
2-1: SINGLE (Flyball, 8LS)
Aaron Scott to second
Runner from 2nd tries for 3rd, SAFE, no throw
Batting: LHB Troy Donaldson 0-0: Ball
1-0: Called Strike
1-1: Ball
2-1: Foul Ball, location: 2F
2-2: Ball
3-2: Strikes out swinging
Top of the 6th over - 0 run(s), 2 hit(s), 0 error(s), 2 left on base; Fresno 2 - Irvine 0
BOTTOM OF THE 6TH
Irvine Gang Green batting - Pitching for Fresno Deplorables : LHP Allan Bader
Batting: RHB Tyler Wagner 0-0: Ball
1-0: Ball
2-0: Called Strike
2-1: Ball
3-1: Called Strike
3-2: TRIPLE (Line Drive, 5L)
Batting: LHB Jorge Martínez 0-0: Swinging Strike
0-1: Ground out 5-3 (Groundball, 56)
Tyler Wagner scores
Batting: LHB Víctor Quiñones 0-0: Ball
1-0: Ball
2-0: Called Strike
2-1: Ground out U3 (Groundball, 3L)
Batting: RHB Eichiro Yamamoto 0-0: Ball
1-0: Called Strike
1-1: Ball
2-1: Ball
3-1: Fly out, F5 (Popup, 5D)
Bottom of the 6th over - 1 run(s), 1 hit(s), 0 error(s), 0 left on base; Fresno 2 - Irvine 1
TOP OF THE 7TH
Fresno Deplorables batting - Pitching for Irvine Gang Green : LHP Masutaro Koyama
Batting: RHB Paco Arellano 0-0: Foul Ball, location: 2F
0-1: Ball
1-1: Ball
2-1: Foul Ball, location: 2F
2-2: Strikes out swinging
Batting: LHB Paul Mullins 0-0: Ball
1-0: Foul Ball, location: 2F
1-1: Ground out 5-3 (Groundball, 5)
Batting: LHB Keith Beard 0-0: Ball
1-0: Foul Ball, location: 2F
1-1: Ball
2-1: Ball
3-1: DOUBLE (Line Drive, 9LM)
Batting: RHB Germán Rosales 0-0: Fly out, F8 (Flyball, 8RS)
Top of the 7th over - 0 run(s), 1 hit(s), 0 error(s), 1 left on base; Fresno 2 - Irvine 1
BOTTOM OF THE 7TH
Irvine Gang Green batting - Pitching for Fresno Deplorables : LHP Allan Bader
Pitching: RHP José Rivera
Batting: LHB Leonardo Medina 0-0: Called Strike
0-1: Ball
1-1: Ground out 4-3 (Groundball, 4S)
Batting: RHB José Salazar 0-0: Fly out, F9 (Line Drive, 9D)
Batting: RHB Raúl Salas 0-0: Ball
1-0: Called Strike
1-1: Ball
2-1: Fly out, F2 (Popup, 13S)
Bottom of the 7th over - 0 run(s), 0 hit(s), 0 error(s), 0 left on base; Fresno 2 - Irvine 1
TOP OF THE 8TH
Fresno Deplorables batting - Pitching for Irvine Gang Green : LHP Masutaro Koyama
Batting: RHB Lorenzo Morín 0-0: Ball
1-0: Swinging Strike
1-1: Ball
2-1: Ball
3-1: Base on Balls
Pinch Runner at 1st John Cotton:
Batting: RHB Dani Vázquez 0-0: Fly out, F9 (Flyball, 9LS)
Batting: RHB Aaron Scott 0-0: Called Strike
0-1: Ball
John Cotton steals 2nd base
1-1: Ball
2-1: Foul Ball, location: 2F
2-2: Foul Ball, location: 2F
2-2: Strikes out swinging
Batting: RHB Manolo Román 0-0: Intentional Walk
Pitching: LHP Santiago González
Batting: LHB Troy Donaldson 0-0: Ball
1-0: Swinging Strike
1-1: Ball
2-1: Ground out 1-3 (Groundball, P)
Top of the 8th over - 0 run(s), 0 hit(s), 0 error(s), 2 left on base; Fresno 2 - Irvine 1
BOTTOM OF THE 8TH
Irvine Gang Green batting - Pitching for Fresno Deplorables : RHP José Rivera
Pitching: RHP César Menéndez
Batting: RHB Ronnie Brown 0-0: Ball
1-0: Foul Ball, location: 2F
1-1: Swinging Strike
1-2: Ball
2-2: Foul Ball, location: 2F
2-2: Ball
3-2: Fly out, F6 (Line Drive, 6M)
Pitching: LHP Rubén Martínez
Batting: LHB Jesús Campos 0-0: Foul Ball, location: 2F
0-1: Ball
1-1: Called Strike
1-2: Ball
2-2: Foul Ball, location: 2F
2-2: Ball
3-2: Ground out 4-3 (Groundball, 4)
Pitching: LHP José Garza
Batting: RHB Tyler Wagner 0-0: Ball
1-0: Ball
2-0: Called Strike
2-1: Ground out 6-3 (Groundball, 6)
Bottom of the 8th over - 0 run(s), 0 hit(s), 0 error(s), 0 left on base; Fresno 2 - Irvine 1
TOP OF THE 9TH
Fresno Deplorables batting - Pitching for Irvine Gang Green : LHP Santiago González
Batting: RHB Paco Arellano 0-0: Ball
1-0: Ball
2-0: Called Strike
2-1: Ball
3-1: Fly out, F5 (Popup, 56)
Batting: LHB Paul Mullins 0-0: Called Strike
0-1: Called Strike
0-2: Strikes out swinging
Batting: LHB Keith Beard 0-0: Ball
1-0: Foul Ball, location: 2F
1-1: Ball
2-1: Ball
3-1: SINGLE (Line Drive, 9S)
Batting: RHB Germán Rosales 0-0: Ball
Throwing error on steal attempt, E2
Keith Beard to third
1-0: Intentional Walk
Batting: LHB John Cotton 0-0: Ball
Germán Rosales is caught stealing 2nd base
Top of the 9th over - 0 run(s), 1 hit(s), 1 error(s), 0 left on base; Fresno 2 - Irvine 1
BOTTOM OF THE 9TH
Irvine Gang Green batting - Pitching for Fresno Deplorables : LHP José Garza
Pitching: LHP Valentín Reséndez
Now at C: Teddy Bates
Batting: LHB Jorge Martínez 0-0: Called Strike
0-1: Ball
1-1: Ball
2-1: Foul Ball, location: 2F
2-2: Ball
3-2: Base on Balls
Batting: LHB Víctor Quiñones 0-0: Ball
1-0: Foul Ball, location: 2F
1-1: Ball
2-1: Swinging Strike
2-2: Strikes out swinging
Batting: RHB Eichiro Yamamoto 0-0: Ball
Wild Pitch!
Jorge Martínez to second
1-0: Fly out, F7 (Flyball, 7)
Batting: LHB Leonardo Medina 0-0: Foul Ball, location: 2F
0-1: Called Strike
0-2: Ground out 4-3 (Groundball, 4)
Bottom of the 9th over - 0 run(s), 0 hit(s), 0 error(s), 1 left on base; Fresno 2 - Irvine 1
Thursday, March 30th, 2017 - OOTP Baseball 17.12 Build 75